 Dungeon Crawl Stone Soup version 0.28-a0-577-gb193047a1f (webtiles) character file.

Game seed: 2511674099661683503

348 mordus the Shield-Bearer (level 6, -1/47 HPs)
             Began as a Formicid Fighter on Sept 9, 2021.
             Slain by a kobold brigand (3 damage)
             ... in a sewer on Oct 1, 2021.
             The game lasted 00:11:55 (2536 turns).

mordus the Shield-Bearer (Formicid Fighter)         Turns: 2536, Time: 00:11:57

Health: -1/47      AC: 11    Str: 22    XL:     6   Next: 91%
Magic:  6/6        EV:  9    Int:  7    God:
Gold:   139        SH:  5    Dex: 11    Spells: 5/5 levels left

rFire   . . .      SeeInvis +   a - +0 long sword
rCold   . . .      Faith    .   c - +0 buckler
rNeg    . . .      Spirit   .   b - +0 scale mail
rPois   .          Reflect  .   (helmet unavailable)
rElec   .          Harm     .   (no cloak)
rCorr   .          Rampage  .   (no gloves)
Will    .....                   (no boots)
Stlth   ..........              i - amulet of regeneration
HPRegen 1.15/turn               q - +4 ring of protection
MPRegen 0.10/turn               (no ring)

@: lethally poisoned (-1 -> -2)
A: permanent stasis, dig shafts and tunnels, antennae 3, four strong arms
a: Dig


You were in a sewer.
You visited 1 branch of the dungeon, and saw 4 of its levels.
You also visited: Sewer.

You collected 139 gold pieces.

Inventory:

Hand Weapons
 a - a +0 long sword (weapon)
Armour
 b - a +0 scale mail (worn)
 c - a +0 buckler (worn)
 j - a +1 chain mail
Jewellery
 g - a ring of protection from fire
 i - an amulet of regeneration (around neck)
 p - a ring of wizardry
 q - a +4 ring of protection (left hand)
Scrolls
 f - a scroll of identify
 h - a scroll of vulnerability {unknown}
 n - a scroll of fear
 o - a scroll of fog {unknown}
Potions
 d - a potion of might
 e - 2 potions of brilliance
 k - a potion of mutation {unknown}
 l - a potion of heal wounds {unknown}
 m - 3 potions of magic {unknown}


   Skills:
 - Level 3.2 Fighting
 * Level 5.0 Long Blades
 + Level 4.8 Armour
 + Level 5.2 Shields


You had 5 spell levels left.
You didn't know any spells.
Your spell library contained the following spells:

 Spells                   Type           Power      Damage    Failure   Level
 Summon Small Mammal      Summ           0%         N/A       75%         1
 Call Canine Familiar     Summ           0%         N/A       98%         3
 Summon Guardian Golem    Hex/Summ       0%         N/A       98%         3


Dungeon Overview and Level Annotations

Branches:
Dungeon (4/15)              Sewer (1/1)
 Temple: D:4-7

Altars:


Innate Abilities, Weirdness & Mutations

You cannot be hasted, slowed, berserked, paralysed or teleported.
You can dig through walls and to a lower floor.
You have a pair of large antennae on your head. (SInv)
Your four strong arms can wield two-handed weapons with a shield.


Message History

You feel very sick.
The kobold brigand hits you but does no damage. x2
You block the kobold brigand's attack.
You hit the kobold brigand.
The kobold brigand is heavily wounded.
You feel very sick.
The kobold brigand closely misses you. x2
You block the kobold brigand's attack.
The kobold brigand hits you with a +0 dagger.
You hit the kobold brigand.
The kobold brigand is heavily wounded.
You feel sick.
The kobold brigand completely misses you.
The kobold brigand splashes around in the water.
The kobold brigand completely misses you.
You hit the kobold brigand.
The kobold brigand is severely wounded.
You feel sick. The kobold brigand barely misses you.
The kobold brigand hits you with a +0 short sword.
You block the kobold brigand's attack.
Your scale mail prevents you from hitting the kobold brigand.
The kobold brigand is severely wounded.
You feel sick. The kobold brigand barely misses you.
The kobold brigand closely misses you.
The kobold brigand hits you with a +0 dagger.
You block the kobold brigand's attack.
You hit the kobold brigand.
The kobold brigand is severely wounded.
You feel sick.
You block the kobold brigand's attack. x2
The kobold brigand hits you with a +0 whip.
* * * LOW HITPOINT WARNING * * *
The kobold brigand hits you with a +0 short sword.
* * * LOW HITPOINT WARNING * * *
You hit the kobold brigand.
The kobold brigand is almost dead.
You feel sick.
The kobold brigand hits you with a +0 dagger!
* * * LOW HITPOINT WARNING * * *
The kobold brigand hits you with a +0 whip.
You die...

#### ###### !?.#
#....# .∩.# #.∩..#
...# ###....#
...#≈≈≈#....#
###KK##≈≈≈##''##
#.@K≈≈≈≈≈≈#≈≈).###
#.KP≈P#≈≈≈#≈≈≈.).#
#...≈≈#≈≈≈#≈.≈.))##
#..≈≈≈#≈≈≈#.......#
#...P.#≈≈≈#≈......#
#.....#≈≈≈#≈......#
##....#≈≈≈#P≈≈....#
##..≈P#≈≈≈#≈≈≈.....
###..†≈≈#≈≈≈≈≈≈≈.....


You could see 3 kobold brigands and a kobold.

Vanquished Creatures
  An ogre (D:4)
  A phantom (D:4)
  An orc priest (D:3)
  An iguana (D:3)
  6 adders
  A worm (D:2)
  A dart slug (D:1)
  4 orcs
  5 bats
  7 endoplasms
  3 giant cockroaches
  6 goblins (D:1)
  7 hobgoblins
  A quokka (D:2)
  6 ball pythons
  4 frilled lizards
  11 kobolds
  10 rats
76 creatures vanquished.

Notes
Turn   | Place    | Note
-------+----------+-------------------------------------------
     0 | D:1      | mordus the Formicid Fighter began the quest for the Orb.
     0 | D:1      | Reached XP level 1. HP: 18/18 MP: 1/1
   272 | D:1      | Reached XP level 2. HP: 20/24 MP: 2/2
   755 | D:1      | Reached XP level 3. HP: 29/29 MP: 3/3
  1145 | D:1      | Upgraded the game from 0.28-a0-425-gd0eccab798 to
                  | 0.28-a0-577-gb193047a1f
  1369 | D:2      | Reached XP level 4. HP: 35/35 MP: 4/4
  1408 | D:2      | Found a faded altar of an unknown god.
  1784 | D:3      | Reached XP level 5. HP: 41/41 MP: 5/5
  2252 | D:4      | Noticed a phantom
  2270 | D:4      | Killed a phantom
  2271 | D:4      | Reached XP level 6. HP: 45/47 MP: 6/6
  2317 | D:4      | Reached skill level 5 in Shields
  2328 | D:4      | Found a glowing drain.
  2351 | D:4      | Noticed an ogre
  2364 | D:4      | Killed an ogre
  2388 | Sewer    | Entered a sewer
  2411 | Sewer    | Reached skill level 5 in Long Blades
  2536 | Sewer    | HP: 2/47 [kobold brigand (7)]
  2536 | Sewer    | Slain by a kobold brigand

Illustrated notes

Levels and vault maps discovered:
D:1:      heliophobic_arrival_dark_side_of_the_moon, layout_basic
D:2:      cheibrodos_old_hovel, layout_rooms, hellmonk_ecumenical_altar_lost_god
D:3:      layout_basic, minmay_misc_feat_enclosed
D:4:      layout_cave_pools, gup_sewer_entry_glass
Sewer:    kennysheep_pipe_town

Skill      XL: |  1  2  3  4  5  6 |
---------------+-------------------+-----
Shields        | 4 5 |  5.2
Long Blades    | 3 4 5 |  5.0
Armour         | 4 |  4.8
Fighting       | |  3.2

Action                   |  1- 3 |  4- 6 || total
-------------------------+-------+-------++-------
Melee: Long sword        |    81 |   155 ||   236
 Abil: Dig               |       |     1 ||     1
  Use: Scroll            |       |     6 ||     6
Armor: Scale mail        |    44 |    67 ||   111
Dodge: Dodged            |    39 |    72 ||   111
Block: Buckler           |    22 |    40 ||    62

Table legend: (Time is in decaauts)
 A = Elapsed time spent in this place.
 B = Non-inter-level travel time spent in this place.
 C = Inter-level travel time spent in this place.
 D = Time resting spent in this place.
 E = Time spent auto-exploring this place.
 F = Levels seen in this place.
 G = Mean time per level.
                   A        B        C        D        E       F      G
               +--------+--------+--------+--------+--------+-----+--------+
         Total |   2605 |   2590 |     15 |     28 |   1630 |   5 |  521.0 |
       Dungeon |   2434 |   2419 |     15 |     28 |   1613 |   4 |  608.5 |
         Sewer |    170 |    170 |      0 |      0 |     17 |   1 |  170.0 |
               +--------+--------+--------+--------+--------+-----+--------+

Top non-repeatable levels by time:
     D:1: 1251 daAuts
     D:3: 553 daAuts
     D:2: 477 daAuts
   Sewer: 170 daAuts
     D:4: 152 daAuts
